 Dungeon Sprint DCSS version 0.27.0-1-g7a089689b8 (webtiles) character file.

Game seed: 12900992990643675427

31974 ABBCCCDDDD the Executioner (level 13, -3/187 HPs)
             Began as a Minotaur Berserker on Aug 17, 2021.
             Was the Champion of Trog.
             Slain by Lom Lobon (7 damage)
             ... in the Dungeon (Sprint I: "Red Sonja").
             The game lasted 00:25:58 (6373 turns).

ABBCCCDDDD the Executioner (Minotaur Berserker)     Turns: 6373, Time: 00:25:58

Health: -3/187     AC: 20    Str: 23    XL:     13   Next: 28%
Magic:  0/12       EV:  9    Int:  1    God:    Trog [******]
Gold:   2288       SH:  4    Dex:  8    Spells: 12/12 levels left

rFire    + . .     SeeInvis +   j - +11 battleaxe "Duphooru" {vorpal, rC+}
rCold    + + .     Faith    .   (shield currently unavailable)
rNeg     . . .     Spirit   .   s - +6 chain mail of the Dropbear {rPois SInv}
rPois    +         Reflect  .   (helmet restricted)
rElec    +         Harm     .   w - scarf {+Inv}
rCorr    +         Rampage  .   n - +0 pair of gloves
Will     ++++.     Rnd*Rage +   b - +0 pair of boots Stlth ..........NoTele +
                                z - necklace of Bloodlust {*Rage +Rage Will++ Int-3 Slay+6}
HPRegen  1.41/turn              y - ring of see invisible
MPRegen  0.13/turn              (no ring)

@: mighty, berserking, lethally poisoned (-3 -> -3), resistant, strong-willed,
unable to read, flying (expiring), regenerating, hasted, very quick
A: horns 2, retaliatory headbutt, large bone plates 1, clumsy 2, deformed body,
deterioration 2, frail 1, weak 1, no potion heal 1, inability to read while
threatened
a: Renounce Religion, Evoke Berserk Rage, Evoke Invisibility, Berserk, Trog's
Hand, Brothers in Arms


You were in the Dungeon.
You worshipped Trog.
Trog was exalted by your worship.
You visited 1 branch You collected 6348 gold pieces.
You spent 4060 gold pieces at shops.

Inventory:

Hand Weapons
 j - the +11 battleaxe "Duphooru" (weapon) {vorpal, rC+}
   (Trog gifted it to you in the Dungeon)

   It inflicts extra damage upon your enemies.
   rC:        It protects you from cold.
 t - the +7 battleaxe of Trog's Inspiration {flame, rC- rN+ Str+4}
   (Trog gifted it to you in the Dungeon)

   It burns those it strikes, dealing additional fire damage.
   Big, fiery blades are also staple armaments of hydra-hunters.
   Str:       It affects your strength (+4).
   rC:        It makes you vulnerable to cold.
   rN:        It protects you from negative energy.
 v - a +3 antimagic executioner's axe
Missiles
 a - 28 poisoned darts
 k - 5 curare-tipped darts (quivered)
Armour
 b - a +0 pair of boots (worn)
 n - a +0 pair of gloves (worn)
 s - the +6 chain mail of the Dropbear (worn) {rPois SInv}
   (You bought it in a shop in the Dungeon)

   rPois:     It protects you from poison.
   SInv:      It lets you see invisible.
 w - a scarf of invisibility (worn)
 B - the +2 shield of Resistance {rF++ rC++ Will++}
   (You bought it in a shop in the Dungeon)

   rF:        It greatly protects you from fire.
   rC:        It greatly protects you from cold.
   Will:      It greatly increases your willpower.
Jewellery
 y - a ring of see invisible (left hand)
 z - the necklace of Bloodlust (around neck) {*Rage +Rage Will++ Int-3 Slay+6}
   (You found it in the Dungeon)

   [amulet of nothing]

   It extends the wearer's berserk rage when killing foes.
   Int:       It affects your intelligence (-3).
   Slay:      It affects your accuracy & damage with ranged weapons and melee
   (+6).
   +Rage:     It lets you go berserk.
   *Rage:     It may make you go berserk in combat.
   Will:      It greatly increases your willpower.
Wands
 i - a wand of polymorph (3)
Scrolls
 h - a scroll of blinking
 p - 2 scrolls of enchant armour
 r - a scroll of enchant weapon {unknown}
 A - a scroll of fear
 C - a scroll of identify
Potions
 c - 7 potions of curing
 d - 4 potions of heal wounds
 e - 2 potions of haste
 f - 2 potions of magic
 g - a potion of berserk rage
 l - 3 potions of might
 o - a potion of cancellation
 u - 2 potions of lignification
 x - a potion of resistance
Miscellaneous
 q - a phial of floods


   Skills:
 + Level 20.2 Fighting
 * Level 26.5 Axes
 - Level 18.8 Armour
 - Level 2.1 Dodging
 + Level 8.8 Shields


You had 12 spell levels left.
You didn't know any spells.
Your spell library was empty.

Dungeon Overview and Level Annotations

Branches:
Dungeon (1/1)

Altars:
Cheibriados
Dithmenos
Elyvilon
Fedhas
Gozag
Hepliaklqana
Kikubaaqudgha
Makhleb
Nemelex Xobeh
Okawaru
Qazlal
Ru
Sif Muna
Trog
Uskayaw
Vehumet
Wu Jian
Xom
Yredelemnul
Zin
The Shining One
Jiyva
Lugonu

Shops:
D (:*(=!([([(:!([:?([[[:

Annotations:
D exclusion: oklob plant, Lom Lobon, Tiamat


Innate Abilities, Weirdness & Mutations

You have a pair of horns on your head.
You reflexively headbutt those who attack you in melee.
You are partially covered in large bone plates. (SH +4)
You are very clumsy. (Dex -4)
Armour fits poorly on your strangely shaped body.
Your body often deteriorates upon taking damage.
You are frail. (-10% HP)
You are weak. (Str -2)
Potions are less effective at restoring your health.
You sometimes lose the ability to read scrolls when taking damage.


Message History

You are poisoned.
You feel very sick.
You barely miss Lom Lobon. You headbutt Lom Lobon!
Lom Lobon is lightly wounded.
You are engulfed in dark miasma.
You feel sick. Lom Lobon hits you!
You feel threatened and lose the ability to read scrolls!
You feel your power leaking away.
You miss Lom Lobon.
Lom Lobon is lightly wounded.
You are engulfed in whirling frost.
You feel sick.
You miss Lom Lobon. Your headbutt misses Lom Lobon.
Lom Lobon is lightly wounded.
You are engulfed in whirling frost.
You feel sick. Lom Lobon hits you!
You feel your power leaking away.
You slice Lom Lobon!!
Lom Lobon is lightly wounded.
You are engulfed in whirling frost.
You feel sick.
You closely miss Lom Lobon.
Lom Lobon is lightly wounded.
You are engulfed in whirling frost.
You feel sick. Lom Lobon hits you!!
You slice Lom Lobon!!
Lom Lobon is moderately wounded.
You are engulfed in whirling frost.
You feel sick.
You miss Lom Lobon.
Lom Lobon is moderately wounded.
You are engulfed in whirling frost.
You feel sick. Lom Lobon gestures at you.
Lom Lobon conjures a mighty blast of ice!
The great icy blast engulfs you!!! You partially resist.
* * * LOW HITPOINT WARNING * * *
You closely miss Lom Lobon.
Lom Lobon is moderately wounded.
You are engulfed in whirling frost.
The ice encasing you melts away.
You feel sick.
* * * LOW HITPOINT WARNING * * *
You are engulfed in whirling frost.
You feel sick.
* * * LOW HITPOINT WARNING * * *
The winds around Lom Lobon start to calm down.
Lom Lobon hits you!
You die...

^.○○'....)##.).#.#§§§.:#.####'#..
#..°#^....#§.#.#.#..≈.##'#§^..##.
#..)###''##.##.).#..≈##§^.§§...##
#..###..###..#'###..°#§§.§§...§§#
#.°####..###.).#P≈.§##.§.§^§§.§.#
##'#..#(.#.###.#M≈.§#..§§.§[..§..
##(#......○..#.###§§#....§)......
####.........#.#§+§.##.....§....#
#.('..°...####'#@§#+##..........#
#####°..###..).#&#≈≈≈##........##
#.[(#####...####§#≈≈≈≈##.[.[..##.
#)........### °°#≈≈≈≈≈########..
.[....##### ○####≈≈≈≈#≈≈≈≈○#○○°
.....## °° #+≈≈≈'≈≈.≈≈°..° ....##
°° ##≈≈#≈≈≈≈≈#≈○○ ....# °°°
######+#####≈ ##### °.○ ≈≈≈ ##


You could see Lom Lobon (gusty).

Levels and vault maps discovered:
D:        dungeon_sprint_1 [red_sonja_temple_1, red_sonja_temple_small_1]

Notes
Turn   | Place    | Note
-------+----------+-------------------------------------------
     0 | D        | ABBCCCDDDD the Minotaur Berserker began the quest for the
                  | Orb.
     0 | D        | Reached XP level 1. HP: 19/19 MP: 0/0
     1 | D        | Noticed Ijyb
    11 | D        | Killed Ijyb
    12 | D        | Reached skill level 5 in Fighting
    12 | D        | Reached skill level 6 in Axes
    12 | D        | Reached XP level 2. HP: 27/29 MP: 1/1
    35 | D        | Noticed an ogre
    39 | D        | Killed an ogre
    40 | D        | Reached skill level 8 in Axes
    40 | D        | Reached skill level 5 in Armour
    40 | D        | Reached XP level 3. HP: 38/38 MP: 2/2
    40 | D        | Reached XP level 4. HP: 45/45 MP: 3/3
   107 | D        | Noticed Sigmund
   114 | D        | Killed Sigmund
   114 | D        | Reached ** piety under Trog
   115 | D        | Reached skill level 10 in Axes
   115 | D        | Reached XP level 5. HP: 44/53 MP: 4/4
   256 | D        | Found an ornate altar of the Wu Jian Council.
   256 | D        | Found a shimmering blue altar of Sif Muna.
   258 | D        | Found a radiant altar of Vehumet.
   261 | D        | Reached skill level 11 in Axes
   261 | D        | Reached XP level 6. HP: 60/62 MP: 5/5
   298 | D        | Found Nogg's Weapon Emporium.
   298 | D        | Found an ancient bone altar of Kikubaaqudgha.
   298 | D        | Found a hazy altar of Hepliaklqana.
   298 | D        | Found a hide-covered altar of Uskayaw.
   298 | D        | Found a basalt altar of Yredelemnul.
   298 | D        | Found an opulent altar of Gozag.
   298 | D        | Found a snail-covered altar of Cheibriados.
   298 | D        | Found a sacrificial altar of Ru.
   298 | D        | Found a shadowy altar of Dithmenos.
   298 | D        | Noticed a yak
   301 | D        | Killed a yak
   302 | D        | Reached skill level 12 in Axes
   302 | D        | Found a stormy altar of Qazlal.
   302 | D        | Found a blossoming altar of Fedhas.
   302 | D        | Found a bloodstained altar of Trog.
   302 | D        | Found an iron altar of Okawaru.
   302 | D        | Found a glowing golden altar of the Shining One.
   302 | D        | Found a glowing silver altar of Zin.
   302 | D        | Found a white marble altar of Elyvilon.
   354 | D        | Noticed a centaur warrior
   354 | D        | Noticed a centaur warrior
   386 | D        | Killed a centaur warrior
   387 | D        | Reached skill level 14 in Axes
   387 | D        | Reached skill level 10 in Armour
   387 | D        | Reached XP level 7. HP: 74/74 MP: 6/6
   387 | D        | Reached XP level 8. HP: 82/82 MP: 7/7
   430 | D        | Killed a centaur warrior
   430 | D        | Reached *** piety under Trog
   431 | D        | Reached skill level 15 in Axes
   520 | D        | Killed a gargoyle
   589 | D        | Noticed a deep troll
   591 | D        | Noticed a hornet
   599 | D        | Killed a deep troll
   600 | D        | Reached skill level 16 in Axes
   600 | D        | Reached XP level 9. HP: 51/92 MP: 8/8
   829 | D        | Found Cutodyp's Armour Emporium.
   855 | D        | Bought a +0 pair of boots for 54 gold pieces
   870 | D        | Paralysed by a hornet for 1 turns
   877 | D        | Reached skill level 17 in Axes
   954 | D        | Noticed an oklob plant
   960 | D        | Killed an oklob plant
   960 | D        | Reached **** piety under Trog
  1086 | D        | Killed an unseen horror
  1087 | D        | Reached skill level 18 in Axes
  1115 | D        | Killed an unseen horror
  1299 | D        | Reached ***** piety under Trog
  1305 | D        | Identified the +11 battleaxe "Duphooru" {vorpal, rC+} (Trog
                  | gifted it to you in the Dungeon)
  1305 | D        | Received a gift from Trog
  1311 | D        | Reached XP level 10. HP: 102/102 MP: 9/9
  1495 | D        | Received a gift from Trog
  1507 | D        | Reached skill level 19 in Axes
  1538 | D        | Found Hautz's Armour Shoppe.
  1538 | D        | Found Zujy's Weapon Shop.
  1538 | D        | Found Imuocwitir's Weapon Boutique.
  1540 | D        | Found Minos's Antique Armour Emporium.
  1540 | D        | Found Muriaj's Antique Weapon Shop.
  1540 | D        | Found Enuesuob's Book Shoppe.
  1540 | D        | Found Afaunucw's Distillery.
  1540 | D        | Found Wiegh's Weapon Emporium.
  1540 | D        | Found Nowk's Antique Armour Shop.
  1540 | D        | Found Ublanash's Book Shoppe.
  1544 | D        | Found Lijif's Magic Scroll Boutique.
  1545 | D        | Found Wecog's Antique Armour Emporium.
  1545 | D        | Found Vixur's Antique Weapon Boutique.
  1546 | D        | Found Ikhli's Antique Armour Emporium.
  1552 | D        | Bought a scroll of identify for 26 gold pieces
  1625 | D        | Bought the +6 chain mail of the Dropbear {rPois SInv} for
                  | 598 gold pieces
  1673 | D        | Noticed Sonja
  1680 | D        | Killed Sonja
  1941 | D        | Found Giomn's Antique Weapon Boutique.
  1955 | D        | Noticed a shining eye
  1955 | D        | Noticed a shining eye
  1955 | D        | Noticed a shining eye
  1956 | D        | Gained mutation: Your spells are a little harder to cast,
                  | but a little more powerful. [a shining eye]
  1959 | D        | Paralysed by a floating eye for 3 turns
  1964 | D        | Paralysed by a floating eye for 4 turns
  1968 | D        | Reached ****** piety under Trog
  1968 | D        | Received a gift from Trog
  1970 | D        | Killed a shining eye
  1972 | D        | Gained mutation: You are partially covered in large bone
                  | plates. (SH +4) [a shining eye]
  1973 | D        | Killed a shining eye
  1974 | D        | Reached skill level 15 in Fighting
  1976 | D        | Killed a shining eye
  1977 | D        | Reached skill level 20 in Axes
  1977 | D        | Reached skill level 15 in Armour
  1987 | D        | Noticed a shining eye
  1988 | D        | Noticed a shining eye
  1988 | D        | Noticed a shining eye
  1988 | D        | Gained mutation: Your body sometimes deteriorates upon
                  | taking damage. [a shining eye]
  1988 | D        | Gained mutation: You sometimes lose the ability to read
                  | scrolls when taking damage. [a shining eye]
  1988 | D        | Gained mutation: Armour fits poorly on your strangely
                  | shaped body. [a shining eye]
  1989 | D        | Noticed a shining eye
  1989 | D        | Noticed a shining eye
  1991 | D        | Killed a shining eye
  1991 | D        | Gained mutation: You are clumsy. (Dex -2) [a shining eye]
  1992 | D        | Gained mutation: Potions are less effective at restoring
                  | your health. [a shining eye]
  1994 | D        | Gained mutation: Your body often deteriorates upon taking
                  | damage. [a shining eye]
  1995 | D        | Killed a shining eye
  1995 | D        | Gained mutation: You are weak. (Str -2) [a shining eye]
  1995 | D        | Paralysed by a floating eye for 4 turns
  1996 | D        | Gained mutation: You are very clumsy. (Dex -4) [a shining
                  | eye]
  1999 | D        | Gained mutation: You are frail. (-10% HP) [a shining eye]
  2000 | D        | Killed a shining eye
  2001 | D        | Reached XP level 11. HP: 102/102 MP: 10/10
  2001 | D        | Lost mutation: Your spells are a little harder to cast, but
                  | a little more powerful. [a shining eye]
  2002 | D        | Killed a shining eye
  2005 | D        | Killed a shining eye
  2005 | D        | Received a gift from Trog
  2006 | D        | Reached skill level 21 in Axes
  2014 | D        | Found Fuwoka Maob's Book Shoppe.
  2014 | D        | Found Luoryqe's Distillery.
  2014 | D        | Found Gadghea's General Store.
  2015 | D        | Found Mounyib's Jewellery Shop.
  2058 | D        | Found a viscous altar of Jiyva.
  2058 | D        | Found a corrupted altar of Lugonu.
  2059 | D        | Found a burning altar of Makhleb.
  2059 | D        | Found a shimmering altar of Xom.
  2167 | D        | Identified the +7 battleaxe of Trog's Inspiration {flame,
                  | rC- rN+ Str+4} (Trog gifted it to you in the Dungeon)
  2167 | D        | Received a gift from Trog
  2229 | D        | Noticed a lindwurm
  2235 | D        | Killed a lindwurm
  2409 | D        | Reached skill level 22 in Axes
  2512 | D        | Noticed a lorocyproca
  2531 | D        | Killed a lorocyproca
  2531 | D        | Received a gift from Trog
  2807 | D        | Received a gift from Trog
  2885 | D        | Noticed a daeva
  2896 | D        | Killed a daeva
  2897 | D        | Reached skill level 23 in Axes
  2897 | D        | Reached XP level 12. HP: 114/114 MP: 11/11
  3229 | D        | Bought a potion of haste for 130 gold pieces
  3229 | D        | Bought a potion of haste for 130 gold pieces
  3229 | D        | Bought a potion of lignification for 39 gold pieces
  3229 | D        | Bought a potion of might for 52 gold pieces
  3229 | D        | Bought a potion of might for 52 gold pieces
  3229 | D        | Bought a potion of cancellation for 104 gold pieces
  3281 | D        | Bought an embroidered scarf for 192 gold pieces
  3289 | D        | Bought 2 potions of resistance for 280 gold pieces
  3289 | D        | Bought 2 potions of heal wounds for 140 gold pieces
  3289 | D        | Bought a potion of heal wounds for 70 gold pieces
  3289 | D        | Bought a potion of curing for 42 gold pieces
  3289 | D        | Bought a potion of curing for 42 gold pieces
  3325 | D        | Found a sparkling altar of Nemelex Xobeh.
  3365 | D        | Noticed a 12-headed hydra
  3366 | D        | Paralysed by a floating eye for 4 turns
  3585 | D        | Killed a 12-headed hydra
  3846 | D        | Noticed a deep elf annihilator
  3850 | D        | Killed a deep elf annihilator
  3850 | D        | Received a gift from Trog
  3861 | D        | Received a gift from Trog
  4323 | D        | Noticed a shadow dragon
  4323 | D        | Noticed a golden dragon
  4337 | D        | Killed a golden dragon
  4338 | D        | Reached skill level 24 in Axes
  4340 | D        | Killed a shadow dragon
  4550 | D        | Found Hoavysug's Book Shoppe.
  4691 | D        | Noticed a mummy priest
  4693 | D        | Noticed a jiangshi
  4805 | D        | Bought a scroll of fog for 26 gold pieces
  4805 | D        | Bought a scroll of fear for 45 gold pieces
  4805 | D        | Bought a scroll of acquirement for 676 gold pieces
  4805 | D        | Acquired 885 gold pieces
  4809 | D        | Bought the +2 shield of Resistance {rF++ rC++ Will++} for
                  | 1362 gold pieces
  4809 | D        | Found the +2 shield of Resistance {rF++ rC++ Will++}
  4873 | D        | Reached skill level 1 in Shields
  5016 | D        | Received a gift from Trog
  5017 | D        | Reached skill level 25 in Axes
  5026 | D        | Noticed a fire giant
  5038 | D        | Killed a fire giant
  5184 | D        | Noticed a fire giant
  5185 | D        | Noticed a fire giant
  5185 | D        | Noticed a fire giant
  5221 | D        | Killed a fire giant
  5222 | D        | Reached skill level 5 in Shields
  5224 | D        | Killed a fire giant
  5225 | D        | Reached XP level 13. HP: 37/124 MP: 12/12
  5394 | D        | Killed a fire giant
  5491 | D        | Found the +4 dragonskin cloak
  5491 | D        | Noticed Tiamat
  5863 | D        | Noticed the 27-headed Lernaean hydra
  5870 | D        | Killed the 23-headed Lernaean hydra
  5871 | D        | Reached skill level 26 in Axes
  6006 | D        | Noticed a deep elf master archer
  6054 | D        | Found the necklace of Bloodlust {*Rage +Rage Will++ Int-3
                  | Slay+6}
  6351 | D        | Noticed Lom Lobon
  6373 | D        | HP: 4/187 [Lom Lobon/vortex (6)]
  6373 | D        | Slain by Lom Lobon

Table legend: (Time is in decaauts)
 A = Elapsed time spent in this place.
 B = Non-inter-level travel time spent in this place.
 C = Inter-level travel time spent in this place.
 D = Time resting spent in this place.
 E = Time spent auto-exploring this place.
 F = Levels seen in this place.
 G = Mean time per level.
                   A        B        C        D        E       F      G
               +--------+--------+--------+--------+--------+-----+--------+
         Total |   6538 |   6195 |    343 |   4445 |    120 |   1 | 6538.0 |
       Dungeon |   6538 |   6195 |    343 |   4445 |    120 |   1 | 6538.0 |
               +--------+--------+--------+--------+--------+-----+--------+

Top non-repeatable levels by time:
       D: 6538 daAuts

Table legend:
 A = Kills in this place as a percentage of kills in entire the game.
 B = Kills by you in this place as a percentage of kills by you in the entire game.
 C = Kills by friends in this place as a percentage of kills by friends in the entire game.
 D = Other kills in this place as a percentage of other kills in the entire game.
 E = Experience gained in this place as a percentage of experience gained in the entire game.
 F = Experience gained in this place divided by the number of levels of this place that you have seen.
                   A       B       C       D       E      F
               +-------+-------+-------+-------+-------+----------------------
         Total | 100.0 | 100.0 |   N/A |   N/A | 100.0 | 45678.0
       Dungeon | 100.0 | 100.0 |   N/A |   N/A | 100.0 | 45678.0
               +-------+-------+-------+-------+-------+----------------------

Action                   |  1- 3 |  4- 6 |  7- 9 | 10-12 | 13-15 || total
-------------------------+-------+-------+-------+-------+-------++-------
Melee: Unarmed           |     6 |       |       |       |       ||     6
       Hand axe          |     2 |    13 |    64 |     6 |       ||    85
       Headbutt          |       |     4 |    13 |    26 |     3 ||    46
       Battleaxe         |       |       |       |   165 |    37 ||   202
Invok: Berserk           |     1 |     3 |     6 |    11 |     4 ||    25
       Trog's Hand       |       |     1 |     1 |     6 |     2 ||    10
       Brothers in Arms  |       |       |       |     1 |       ||     1
Evoke: Wand              |       |       |       |     2 |     1 ||     3
       Phial of floods   |       |       |       |     1 |       ||     1
  Use: Scroll            |       |       |       |     4 |     1 ||     5
       Potion            |       |       |       |       |     3 ||     3
Armor: Skin              |     2 |       |       |       |       ||     2
       Scale mail        |       |     3 |    16 |       |       ||    19
       Plate armour      |       |       |    45 |     4 |       ||    49
       Chain mail        |       |       |       |   131 |    39 ||   170
Dodge: Dodged            |     2 |    10 |    17 |    45 |    24 ||    98
Block: Other             |       |       |       |    22 |     5 ||    27

Vanquished Creatures
  the Lernaean hydra (D)
  A golden dragon (D)
  A shadow dragon (D)
  A daeva (D)
  4 fire giants (D)
  A lorocyproca (D)
  A deep elf annihilator (D)
  2 centaur warriors (D)
  Sonja (D)
  A deep troll (D)
  A lindwurm (D)
  8 shining eyes (D)
  An oklob plant (D)
  2 merfolk sirens (D)
  A gargoyle (D)
  7 unseen horrors (D)
  2 kobold demonologists (D)
  4 demonic crawlers (D)
  A hellwing (D)
  5 hornets (D)
  A meliai (D)
  A slime creature (D)
  Sigmund (D)
  2 redbacks (D)
  13 hogs (D)
  A yak (D)
  6 floating eyes (D)
  7 necrophages (D)
  An ogre (D)
  8 jellies (D)
  Ijyb (D)
88 creatures vanquished.

Vanquished Creatures (others)
  A hydra (D)
  A gargoyle (D)
  A floating eye (D)
  2 ballistomycete spores (D)
5 creatures vanquished.

Grand Total: 93 creatures vanquished
